 Dungeon Crawl Stone Soup version 0.23.2-1-ga50397a (webtiles) character file.

Game seed: 4740984996407980300

2863 Fang the Skirmisher (level 9, -4/59 HPs)
             Began as a Gargoyle Berserker on Apr 25, 2019.
             Was an Elder of Trog.
             Slain by a killer bee (5 damage)
             ... on level 8 of the Dungeon.
             The game lasted 00:06:25 (6693 turns).

Fang the Skirmisher (Gargoyle Berserker)            Turns: 6693, Time: 00:06:25

Health: -4/59      AC: 17    Str: 25    XL:     9   Next: 75%
Magic:  9/9        EV: 10    Int:  7    God:    Trog [****..]
Gold:   298        SH:  0    Dex:  9    Spells: 8/8 levels left

rFire    . . .     SeeInvis .   a - +0 war axe
rCold    . . .     Gourm    .   (no shield)
rNeg     + . .     Faith    .   b - +0 chain mail
rPois    ∞         Spirit   .   (no helmet)
rElec    +         Reflect  .   (no cloak)
rCorr    .         Harm     .   (no gloves)
MR       ++...                  (no boots)
Stlth    ..........             o - amulet of the acrobat
HPRegen  1.19/turn              (no ring)
MPRegen  0.11/turn              (no ring)

@: berserk cooldown, regenerating
A: negative energy resistance 1, electricity resistance, unbreathing,
petrification resistance, rot immunity, AC +6
a: Berserk, Trog's Hand, Brothers in Arms, Renounce Religion


You were on level 8 of the Dungeon.
You worshipped Trog.
Trog was greatly pleased with you.
You were not hungry.

You visited 2 branches of the dungeon, and saw 10 of its levels.

You collected 298 gold pieces.

Inventory:

Hand Weapons
 a - a +0 war axe (weapon)
Armour
 b - a +0 chain mail (worn)
Jewellery
 o - an amulet of the acrobat (around neck)
 v - an uncursed ring of see invisible {unknown}
Wands
 q - a wand of polymorph (18)
 r - a wand of paralysis (10)
 t - a wand of disintegration (11)
Scrolls
 d - a scroll of blinking {unknown}
 e - 2 scrolls of fog {unknown}
 f - 2 scrolls of magic mapping {unknown}
 j - 5 scrolls of identify {unknown}
 k - 5 scrolls of teleportation {unknown}
 m - 2 scrolls of remove curse {unknown}
 n - 3 scrolls of fear {unknown}
 p - 4 scrolls of enchant armour {unknown}
 s - 2 scrolls of immolation {unknown}
 x - 2 scrolls of vulnerability {unknown}
 y - a scroll of amnesia {unknown}
 C - a scroll of noise {unknown}
Potions
 g - 3 potions of curing {unknown}
 h - 5 potions of flight {unknown}
 i - a potion of agility {unknown}
 l - 5 potions of lignification {unknown}
 u - 3 potions of ambrosia {unknown}
 w - 2 potions of invisibility {unknown}
 z - a potion of mutation {unknown}
 A - 3 potions of magic {unknown}
Comestibles
 c - 7 rations
 B - 11 chunks of flesh


   Skills:
 + Level 7.9 Fighting
 + Level 6.6 Axes
 + Level 7.5 Armour
 + Level 5.6 Dodging


You had 8 spell levels left.
You didn't know any spells.
Your spell library was empty.

Dungeon Overview and Level Annotations

Branches:
Dungeon (9/15)             Temple (1/1) D:6
   Lair: D:8-11         Orc: D:9-12

Altars:
Gozag
Xom

Shops:
D:5 %!   D:6 :::   D:8 *


Innate Abilities, Weirdness & Mutations

You are resistant to torment.
Your stone body is resilient. (AC +6)
You are immune to poison.
You resist negative energy. (rN+)
You are resistant to electric shocks. (rElec)
You can survive without breathing.
You are immune to petrification.
You are immune to rotting.


Message History

You feel resistant to hostile enchantments.
You are feeling very hungry.
The killer bee barely misses you.
The killer bee stings you but does no damage. x2
The killer bee barely misses you.
The killer bee stings you but does no damage.
The killer bee misses you. x2
The killer bee stings you but does no damage.
The killer bee stings you.
* * * LOW HITPOINT WARNING * * *
Eat one of 12 chunks of flesh? (ye/n/q)
Okay, then.
Eat one of 12 chunks of flesh? (ye/n/q)
You eat one of the 12 chunks of flesh.
This raw flesh tastes terrible.
The killer bee stings you.
* * * LOW HITPOINT WARNING * * *
The killer bee stings you.
* * * LOW HITPOINT WARNING * * *
The killer bee barely misses you. x2; The killer bee stings you.
You die...

#.##.........#
#######.##.........#
........##.........#
...(....##.........#
########.##.........#
###.......÷......)))..# #
##...##'######..∩......# .
#........yyy.######'#### .##
##........yy@y# #.# ..#
#.........yyyy######.## #.#
#[#...........##.[....#
y.###.#...........##......#######
yyy>yy+....[......##.............
yy#####....#########.......######
.y# ......# #.......# ..# .#.....
#.......# .......#[.... #.......#


You could see a queen bee and 9 killer bees.

Vanquished Creatures
  Joseph (D:7)
  A hippogriff (D:7)
  Sigmund (D:3)
  Eustachio (D:5)
  6 ogres
  A gnoll sergeant (D:7)
  3 bullfrogs (D:6)
  2 scorpions (D:6)
  A wyvern skeleton (D:8)
  6 killer bees
  3 wights (D:6)
  A quasit (D:8)
  A crimson imp (D:7)
  2 hounds
  2 jellies
  An orc priest (D:4)
  A centaur skeleton (D:9)
  Crazy Yiuf (D:2)
  2 bullfrog skeletons
  2 iguanas (D:5)
  Jessica (D:3)
  An orc wizard (D:8)
  Natasha (thrice) (D:2)
  A hound zombie (D:7)
  Robin (D:2)
  5 gnolls (D:7)
  A howler monkey skeleton (D:7)
  6 adders
  A shadow imp (D:5)
  An adder skeleton (D:4)
  3 worms
  A dart slug (D:2)
  3 leopard geckos
  20 orcs
  7 bats
  4 giant cockroaches
  15 goblins
  13 hobgoblins
  7 jackals
  6 quokkas
  A ball python (D:1)
  7 frilled lizards
  A jackal skeleton (D:4)
  A jackal zombie (D:4)
  15 kobolds
  A leopard gecko skeleton (D:7)
  A quokka zombie (D:5)
  6 rats
172 creatures vanquished.

Vanquished Creatures (others)
  A rat (D:1)
1 creature vanquished.

Grand Total: 173 creatures vanquished

Notes
Turn   | Place    | Note
-------+----------+-------------------------------------------
     0 | D:1      | Fang the Gargoyle Berserker began the quest for the Orb.
     0 | D:1      | Reached XP level 1. HP: 14/14 MP: 1/1
    74 | D:1      | Reached XP level 2. HP: 19/19 MP: 2/2
   559 | D:1      | Reached XP level 3. HP: 20/23 MP: 3/3
   578 | D:1      | Reached ** piety under Trog
  1110 | D:2      | Noticed Natasha
  1122 | D:2      | Killed Natasha
  1122 | D:2      | Reached XP level 4. HP: 29/29 MP: 4/4
  1219 | D:2      | Noticed Natasha
  1366 | D:2      | Noticed Robin
  1390 | D:2      | Killed Robin
  1395 | D:2      | Killed Natasha
  1395 | D:2      | Reached XP level 5. HP: 26/33 MP: 5/5
  1535 | D:2      | Reached *** piety under Trog
  1552 | D:2      | Noticed Natasha
  1565 | D:2      | Killed Natasha
  1769 | D:2      | Found a runed translucent door.
  1770 | D:2      | Noticed Crazy Yiuf
  1877 | D:2      | Found a shimmering altar of Xom.
  2037 | D:2      | Killed Crazy Yiuf
  2152 | D:3      | Noticed Sigmund
  2170 | D:2      | Reached XP level 6. HP: 4/39 MP: 6/6
  2743 | D:3      | Killed Sigmund
  3088 | D:3      | Noticed Jessica
  3099 | D:3      | Killed Jessica
  3099 | D:3      | Reached skill level 5 in Fighting
  3258 | D:4      | Reached XP level 7. HP: 32/44 MP: 7/7
  3905 | D:4      | Found an opulent altar of Gozag.
  4225 | D:5      | Entered Level 5 of the Dungeon
  4276 | D:5      | Found Vadoej's Food Shoppe.
  4290 | D:5      | Reached skill level 5 in Armour
  4542 | D:5      | Noticed Eustachio
  4586 | D:5      | Killed Eustachio
  4586 | D:5      | Reached XP level 8. HP: 50/51 MP: 8/8
  4854 | D:5      | Found Birecvof's Distillery.
  4961 | D:6      | Reached skill level 5 in Axes
  4992 | D:6      | Found Vanniss's Book Emporium.
  5013 | D:6      | Reached **** piety under Trog
  5031 | D:6      | Found Vefeapta's Book Shoppe.
  5073 | D:6      | Found Ygeqaipp's Book Boutique.
  5131 | D:6      | Found a staircase to the Ecumenical Temple.
  5186 | Temple   | Entered the Ecumenical Temple
  5410 | D:7      | Noticed Joseph
  5436 | D:7      | Killed Joseph
  5436 | D:7      | Reached skill level 5 in Dodging
  5436 | D:7      | Reached XP level 9. HP: 48/57 MP: 9/9
  6546 | D:8      | Found Degirch's General Store.
  6648 | D:8      | Noticed a queen bee
  6693 | D:8      | HP: 1/59 [killer bee (6)]
  6693 | D:8      | Slain by a killer bee

Skill      XL: |  1  2  3  4  5  6  7  8  9 |
---------------+----------------------------+-----
Axes           | 3 4 5 6 |  6.6
Dodging        | 2 3 4 5 |  5.6
Armour         | 3 4 5 6 7 |  7.5
Fighting       | 4 5 7 |  7.9

Action                   |  1- 3 |  4- 6 |  7- 9 || total
-------------------------+-------+-------+-------++-------
Melee: Hand axe          |   134 |   129 |       ||   263
       War axe           |       |    41 |   401 ||   442
Invok: Berserk           |     2 |     6 |     3 ||    11
       Trog's Hand       |       |       |     2 ||     2
  Eat: Chunk             |     2 |    10 |    12 ||    24
       Ration            |       |     1 |     1 ||     2
Armor: Animal skin       |    52 |    67 |       ||   119
       Chain mail        |       |       |   392 ||   392
Dodge: Dodged            |   133 |   143 |   391 ||   667
